 Dungeon Crawl Stone Soup version 0.29-a0-653-gd47aff6735 (webtiles) character file.

Game seed: 10377299733157298614

242 buhh the Bolt Thrower (level 6, -4/44 HPs)
             Began as a Formicid Hunter on June 22, 2022.
             Slain by Menkaure (11 damage)
             ... on level 4 of the Dungeon.
             The game lasted 00:05:45 (3806 turns).

buhh the Bolt Thrower (Formicid Hunter)             Turns: 3806, Time: 00:05:45

Health: -4/44      AC:  3    Str: 15    XL:     6   Next: 31%
Magic:  6/6        EV: 12    Int:  9    God:
Gold:   210        SH:  5    Dex: 19    Spells: 5/5 levels left

rFire   + . .      SeeInvis +   a - +1 hand crossbow
rCold   . . .      Faith    .   (no shield)
rNeg    . . .      Spirit   .   b - +0 leather armour
rPois   .          Reflect  +   (helmet unavailable)
rElec   .          Harm     .   (no cloak)
rCorr   .          Rampage  .   (no gloves)
Will    .....                   (no boots)
Stlth   ++........              j - amulet of reflection
HPRegen 0.14/turn               g - ring of protection from fire
MPRegen 0.10/turn               (no ring)

@: no status effects
A: permanent stasis, dig shafts and tunnels, antennae 3, four strong arms
a: Dig, Shaft Self


You were on level 4 of the Dungeon.
You visited 1 branch of the dungeon, and saw 4 of its levels.

You collected 210 gold pieces.

Inventory:

Hand Weapons
 a - a +1 hand crossbow (weapon)
Missiles
 d - 2 poisoned darts
Armour
 b - a +0 leather armour (worn)
Magical Staves
 i - a staff of earth
Jewellery
 g - a ring of protection from fire (left hand)
 j - an amulet of reflection (around neck)
Scrolls
 k - a scroll of vulnerability {unknown}
 t - 3 scrolls of teleportation {!d}
 P - a scroll of magic mapping {!r!d}
 Q - 2 scrolls of fog
 T - a scroll of immolation {!d}
 X - 2 scrolls of amnesia
 Z - a scroll of enchant armour
Potions
 c - 2 potions of flight {unknown}
 f - a potion of mutation {unknown}
 h - 2 potions of curing {unknown}
 l - a potion of cancellation {unknown}


   Skills:
 - Level 2.1 Fighting
 + Level 7.2 Crossbows
 - Level 1.7 Dodging
 - Level 1.2 Stealth


You had 5 spell levels left.
You didn't know any spells.
Your spell library was empty.

Dungeon Overview and Level Annotations

Branches:
Dungeon (4/15) Zot: 20149
 Temple: D:4-7

Altars:
Makhleb
Xom

Annotations:
D:3 1 transporter, Taurus's ghost, amateur MiFi
D:4 Menkaure


Innate Abilities, Weirdness & Mutations

You cannot be hasted, slowed, berserked, paralysed or teleported.
You can dig through walls and to a lower floor.
You have a pair of large antennae on your head. (SInv)
Your four strong arms can wield two-handed weapons with a shield.


Message History

Menkaure is lightly damaged.
You shoot a bolt.
The bolt hits Menkaure but does no damage.
Menkaure is lightly damaged.
You shoot a bolt. The bolt barely misses Menkaure.
You shoot a bolt. The bolt hits Menkaure!
Menkaure is moderately damaged.
You shoot a bolt. The bolt hits Menkaure.
Menkaure is heavily damaged.
Menkaure gestures wildly while chanting.
Menkaure seems to speed up.
As you read the scroll labelled FOODIA NOGARO, it crumbles to dust.
You hear a loud clanging noise!
It was a scroll of noise.
You hear a shout! x2; You hear a bark!
You hear an angry hiss. x2
You shoot a bolt. The bolt hits Menkaure.
Menkaure is heavily damaged.
Menkaure calls on the powers of darkness!
Your body is wracked with pain!
Menkaure calls on the powers of darkness!
Your body is wracked with pain!
* * * LOW HITPOINT WARNING * * *
Really quaff
M - a potion of heal wounds {!q!d}?
You feel much better.
You shoot a bolt. The bolt hits Menkaure.
Menkaure is severely damaged.
Menkaure hits you.
You shoot a bolt. The bolt barely misses Menkaure.
Menkaure calls on the powers of darkness!
Your body is wracked with pain!
You are too injured to fight recklessly!
Shoot: a) +1 hand crossbow
Press: ? - help, Q - select action, (/) - cycle Shift-Dir - straight line, f/p - Menkaure
Aim: Menkaure (severely damaged, fast, 79% to hit)
You shoot a bolt. The bolt hits Menkaure.
Menkaure is almost destroyed.
Menkaure hits you!
* * * LOW HITPOINT WARNING * * *
Menkaure hits you!
You die...

#################
#.>.............#
#.#############.#
#####.####### #.#
#...........# #.#
#.#.....###.## ###.#
#.@...##...####....
........M...............
###..#.....##...####.#..
#..#......##.# #.#.. #.
#...#...#.#####.#.. .
#...............#..
.............####..
...........#.)††...
...........######


You could see Menkaure (fast).

Vanquished Creatures
  A crimson imp (D:3)
  Natasha (D:4)
  An orc wizard (D:4)
  7 gnolls (D:3)
  2 adders
  2 worms (D:2)
  A dart slug (D:2)
  6 orcs (D:4)
  3 bats
  6 endoplasms
  5 giant cockroaches
  3 goblins (D:1)
  5 hobgoblins
  5 kobolds
  2 quokkas
  8 ball pythons
  2 frilled lizards (D:1)
  6 rats
66 creatures vanquished.

Notes
Turn   | Place    | Note
-------+----------+-------------------------------------------
     0 | D:1      | buhh the Formicid Hunter began the quest for the Orb.
     0 | D:1      | Reached XP level 1. HP: 16/16 MP: 1/1
    74 | D:1      | Reached XP level 2. HP: 22/22 MP: 2/2
   299 | D:1      | Reached XP level 3. HP: 27/27 MP: 3/3
   594 | D:1      | Reached skill level 5 in Crossbows
  1076 | D:2      | Reached XP level 4. HP: 33/33 MP: 4/4
  1109 | D:2      | Found a faded altar of an unknown god.
  1526 | D:3      | Noticed an ogre
  1528 | D:3      | Noticed Taurus's ghost (amateur MiFi)
  1530 | D:3      | Found a transporter.
  1530 | D:3      | Noticed an ogre
  1654 | D:3      | Found a burning altar of Makhleb.
  1656 | D:3      | Found a shimmering altar of Xom.
  1742 | D:3      | Reached skill level 6 in Crossbows
  1742 | D:3      | Reached XP level 5. HP: 38/38 MP: 5/5
  3548 | D:4      | Reached XP level 6. HP: 44/44 MP: 6/6
  3713 | D:4      | Reached skill level 7 in Crossbows
  3732 | D:4      | Noticed Natasha
  3752 | D:4      | Killed Natasha
  3795 | D:4      | Noticed Menkaure
  3806 | D:4      | Slain by Menkaure

Illustrated notes

Levels and vault maps discovered:
D:1:      tarquinn_simple_flora_water_f, layout_basic
D:2:      layout_rooms, shapermc_ecumenical_altar_starsandcircs,
          grunt_ministairs_7
D:3:      layout_basic, grunt_temple_overflow_champion_of_chaos,
          gammafunk_ghost_smash, small_statue_alley_b
D:4:      layout_loops_ring, chequers_garden, st_stairs_4, uniq_natasha,
          uniq_edmund, uniq_menkaure

Skill      XL: |  1  2  3  4  5  6 |
---------------+-------------------+-----
Crossbows      | 5 6 7 |  7.2
Fighting       | |  2.1
Dodging        | |  1.7
Stealth        | |  1.2

Action                   |  1- 3 |  4- 6 || total
-------------------------+-------+-------++-------
 Fire: Hand crossbow     |    55 |   121 ||   176
 Abil: Dig               |     5 |       ||     5
  Use: Scroll            |       |     8 ||     8
       Potion            |       |     1 ||     1
Armor: Leather armour    |     2 |     2 ||     4
Dodge: Dodged            |     1 |    29 ||    30
Block: Other             |       |     4 ||     4

Table legend: (Time is in decaauts)
 A = Elapsed time spent in this place.
 B = Non-inter-level travel time spent in this place.
 C = Inter-level travel time spent in this place.
 D = Time resting spent in this place.
 E = Time spent auto-exploring this place.
 F = Levels seen in this place.
 G = Mean time per level.
                   A        B        C        D        E       F      G
               +--------+--------+--------+--------+--------+-----+--------+
         Total |   3849 |   3734 |    115 |    529 |   2783 |   4 |  962.2 |
       Dungeon |   3849 |   3734 |    115 |    529 |   2783 |   4 |  962.2 |
               +--------+--------+--------+--------+--------+-----+--------+

Top non-repeatable levels by time:
     D:3: 1593 daAuts
     D:2: 955 daAuts
     D:1: 909 daAuts
     D:4: 391 daAuts
